 Dungeon Crawl Stone Soup version 0.29-a0-284-gf9362112df (webtiles) character file.

Game seed: 12007548989757721334

264 YayAnonymity the Poker (level 5, 0/41 HPs)
             Began as a Demonspawn Fighter on Mar 22, 2022.
             Succumbed to a gnoll's poison
             ... on level 4 of the Dungeon.
             The game lasted 00:07:25 (3501 turns).

YayAnonymity the Poker (Demonspawn Fighter)         Turns: 3501, Time: 00:07:26

Health: 0/41       AC:  8    Str: 18    XL:     5   Next: 98%
Magic:  5/5        EV: 11    Int: 10    God:
Gold:   142        SH:  4    Dex: 12    Spells: 4/4 levels left

rFire   . . .      SeeInvis .   a - +1 spear (flame)
rCold   . . .      Faith    .   c - +0 buckler
rNeg    . . .      Spirit   .   b - +0 scale mail
rPois   .          Reflect  .   (no helmet)
rElec   .          Harm     .   (no cloak)
rCorr   .          Rampage  .   s - +0 pair of gloves
Will    .....                   (no boots)
Stlth   ..........              (no amulet)
HPRegen 0.13/turn               (no ring)
MPRegen 0.09/turn               (no ring)

@: mighty, brilliant, lethally poisoned (0 -> -14), flying
A: repulsion field 1, demonic guardian 1
a: no special abilities


You were on level 4 of the Dungeon.
You visited 1 branch of the dungeon, and saw 4 of its levels.

You collected 142 gold pieces.

Inventory:

Hand Weapons
 a - a +1 spear of flaming (weapon)
 i - a +0 war axe
Missiles
 m - 6 poisoned darts (quivered)
Armour
 b - a +0 scale mail (worn)
 c - a +0 buckler (worn)
 s - a +0 pair of gloves (worn)
Jewellery
 g - a ring of fire
 q - an amulet of the acrobat
Scrolls
 e - a scroll of fear {unknown}
 h - a scroll of fog {unknown}
 p - a scroll of teleportation {unknown}
 r - a scroll of summoning
 u - a scroll of identify
Potions
 d - a potion of might
 f - 2 potions of attraction
 j - a potion of mutation
 k - a potion of lignification {unknown}
 l - a potion of invisibility {unknown}
 n - a potion of haste {unknown}
 o - a potion of flight


   Skills:
 - Level 3.0 Fighting
 - Level 2.7(4.0) Axes
 + Level 4.5(4.9) Polearms
 - Level 3.2 Armour
 - Level 2.6 Shields


You had 4 spell levels left.
You didn't know any spells.
Your spell library contained the following spells:

 Spells                   Type           Power      Damage    Failure   Level
 Fireball                 Conj/Fire      0%         3d3       100%        5
 Iskenderun's Battlesphe  Conj           0%         2d6       100%        5
 Conjure Ball Lightning   Conj/Air       0%         3x3d6     100%        6
 Orb of Destruction       Conj           0%         9d5       100%        7


Dungeon Overview and Level Annotations

Branches:
Dungeon (4/15)
 Temple: D:4-7

Altars:
Dithmenos


Innate Abilities, Weirdness & Mutations

You are surrounded by a mild repulsion field. (EV +2)
A weak demonic guardian rushes to your aid.


Message History

You feel sick.
You are no longer poisoned.
The gnoll hits you but does no damage.
Reach: a) +1 spear (flame)
Press: ? - help, Dir - move target, f/p - gnoll
Aim: a gnoll, wielding a +0 flail (moderately wounded, about 32% to evade your +1 spear of flaming)
You hit the gnoll. You burn the gnoll.
The gnoll is severely wounded.
The gnoll closely misses you.
You feel very mighty all of a sudden. The gnoll hits you with a +0 flail.
You puncture the gnoll! You burn the gnoll.
You kill the gnoll!
The gnoll hits you with a +0 spear of venom.
You are poisoned.
You hit the gnoll. You burn the gnoll.
The gnoll is heavily wounded.
You feel very sick. The gnoll closely misses you. The kobold misses you.
You barely miss the gnoll.
The gnoll is heavily wounded.
* * * LOW HITPOINT WARNING * * *
You feel very sick.
The gnoll hits you with a +0 spear of venom.
* * * LOW HITPOINT WARNING * * *
You are more poisoned.
The kobold closely misses you.
You puncture the gnoll! You burn the gnoll.
You kill the gnoll!
* * * LOW HITPOINT WARNING * * *
You feel very sick.
It was a potion of flight.
You feel very buoyant.
You fly up into the air.
* * * LOW HITPOINT WARNING * * *
You feel very sick. The kobold hits you but does no damage.
It was a potion of brilliance.
You feel clever all of a sudden.
You die...

.(.####..........#...............
....###........##.##.............
##...##>......##.♣.##............
####..##.....####.####...........
##........#.###.#.#...........
##.g....#.⌠.###.8.#..........
##......#.#.###.#...........
##.g[...###.###............
#.....###@⌠.###...........
##.....##K#)#.##...........
#.K..g.#)#.###.#...<.......
#...#..#.).###.⌠.#..........
#...###..#.###.#.#.....#####.
....# ##.####.####...### ##..
....# ##.##.♣.##.#### ##... ....
##.##.##..# ###.... gO ##..#....#
##....##


You could see a kobold.

Vanquished Creatures
  A jelly (D:4)
  An iguana (D:4)
  An orc wizard (D:3)
  3 adders
  3 gnolls (D:4)
  A shadow imp (D:3)
  A worm (D:3)
  3 dart slugs
  7 orcs
  7 ball pythons
  8 bats
  11 endoplasms
  6 giant cockroaches
  5 goblins
  6 hobgoblins
  5 jackals
  6 kobolds
  2 quokkas (D:3)
  6 frilled lizards
  4 rats
87 creatures vanquished.

Vanquished Creatures (collateral kills)
  An adder (D:2)
  An endoplasm (D:1)
  A goblin (D:1)
3 creatures vanquished.

Vanquished Creatures (others)
  A plant (D:3)
1 creature vanquished.

Grand Total: 91 creatures vanquished

Notes
Turn   | Place    | Note
-------+----------+-------------------------------------------
     0 | D:1      | YayAnonymity the Demonspawn Fighter began the quest for the
                  | Orb.
     0 | D:1      | Reached XP level 1. HP: 18/18 MP: 1/1
   343 | D:1      | Gained mutation: A weak demonic guardian rushes to your
                  | aid. [demonic ancestry]
   343 | D:1      | Reached XP level 2. HP: 24/24 MP: 2/2
   694 | D:1      | Reached XP level 3. HP: 11/29 MP: 3/3
   972 | D:1      | Found a faded altar of an unknown god.
  1336 | D:2      | Reached skill level 1 in Polearms
  1442 | D:2      | Found a shadowy altar of Dithmenos.
  1647 | D:2      | Reached skill level 2 in Polearms
  1647 | D:2      | Reached XP level 4. HP: 33/35 MP: 4/4
  2134 | D:3      | Reached skill level 3 in Polearms
  2522 | D:3      | Gained mutation: You are surrounded by a mild repulsion
                  | field. (EV +2) [demonic ancestry]
  2522 | D:3      | Reached XP level 5. HP: 36/41 MP: 5/5
  2932 | D:4      | Reached skill level 4 in Polearms
  3474 | D:4      | Noticed an ogre
  3501 | D:4      | Succumbed to a gnoll's poison

Illustrated notes

Levels and vault maps discovered:
D:1:      minmay_arrival_jagged, layout_loops_cross,
          hellmonk_ecumenical_altar_dog_temple
D:2:      layout_rooms, basic_altar
D:3:      cheibrodos_old_hovel, layout_loops_ring, minmay_misc_feat_encased,
          minivault_24, serial_park_tiny_pond
D:4:      layout_layer_cave, grunt_decor_mini_mirrors

Skill      XL: |  1  2  3  4  5 |
---------------+----------------+-----
Axes           | 2 |  2.7
Armour         | 3 |  3.2
Polearms       | 2 3 4 |  4.5
Fighting       | |  3.0
Shields        | |  2.6

Action                   |  1- 3 |  4- 6 || total
-------------------------+-------+-------++-------
Melee: War axe           |    58 |       ||    58
       Spear             |    63 |   150 ||   213
  Use: Scroll            |       |     3 ||     3
       Potion            |       |     3 ||     3
Armor: Scale mail        |    47 |    42 ||    89
Dodge: Dodged            |    44 |    40 ||    84
Block: Buckler           |    26 |    17 ||    43

Table legend: (Time is in decaauts)
 A = Elapsed time spent in this place.
 B = Non-inter-level travel time spent in this place.
 C = Inter-level travel time spent in this place.
 D = Time resting spent in this place.
 E = Time spent auto-exploring this place.
 F = Levels seen in this place.
 G = Mean time per level.
                   A        B        C        D        E       F      G
               +--------+--------+--------+--------+--------+-----+--------+
         Total |   3524 |   3328 |    196 |    420 |   2303 |   4 |  881.0 |
       Dungeon |   3524 |   3328 |    196 |    420 |   2303 |   4 |  881.0 |
               +--------+--------+--------+--------+--------+-----+--------+

Top non-repeatable levels by time:
     D:1: 1345 daAuts
     D:3: 1086 daAuts
     D:4: 624 daAuts
     D:2: 467 daAuts
